 Dungeon Crawl Stone Soup version 0.29.1-12-g30fa7ad0bf (webtiles) character file.

Game seed: 1450968096187347112

52 growler the Stinger (level 3, 0/24 HPs)
             Began as a Demonspawn Venom Mage on Jan 15, 2023.
             Slain by Robin
             ... wielding a +0 club
              (3 damage)
             ... on level 2 of the Dungeon.
             The game lasted 00:05:57 (1802 turns).

growler the Stinger (Demonspawn Venom Mage)         Turns: 1802, Time: 00:05:58

Health: 0/24       AC:  3    Str:  9 (10) XL:     3   Next: 60%
Magic:  0/7        EV: 12    Int: 13 (16) God:
Gold:   40         SH:  0    Dex: 10 (13) Spells: 5/8 levels left

rFire   . . .      SeeInvis .   d - +0 short sword
rCold   . . .      Faith    .   (no shield)
rNeg    . . .      Spirit   .   a - +0 robe
rPois   .          Reflect  .   (no helmet)
rElec   .          Harm     .   j - +0 cloak
rCorr   .          Rampage  .   (no gloves)
Will    .....                   (no boots)
Stlth   ++........              l - amulet of the acrobat
HPRegen 0.08/turn               (no ring)
MPRegen 0.10/turn               (no ring)

@: no status effects
A: hooves 1
a: no special abilities


You were on level 2 of the Dungeon.
You visited 1 branch of the dungeon, and saw 2 of its levels.

You collected 40 gold pieces.

Inventory:

Hand Weapons
 d - a +0 short sword (weapon)
Armour
 a - a +0 robe (worn)
 j - a +0 cloak (worn)
Jewellery
 e - an amulet of magic regeneration
 l - an amulet of the acrobat (around neck)
 n - an amulet of guardian spirit
Scrolls
 f - 2 scrolls of teleportation {unknown}
 g - a scroll of identify {unknown}
 i - a scroll of fear {unknown}
 k - 2 scrolls of vulnerability {unknown}
 m - a scroll of magic mapping {unknown}
Potions
 b - a potion of magic
 c - a potion of lignification {unknown}
 h - a potion of heal wounds
 o - a potion of degeneration
 p - 2 potions of curing {unknown}
 q - 2 potions of attraction {unknown}


   Skills:
 - Level 1.7 Dodging
 - Level 1.7 Stealth
 + Level 3.0 Spellcasting
 - Level 0.8 Transmutations
 + Level 3.9 Poison Magic


You had 5 spell levels left.
You knew the following spells:

 Your Spells              Type           Power      Damage    Failure   Level
a - Sting                 Tmut/Pois      32%        1d4       9%          1
b - Poisonous Vapours     Pois/Air       14%        N/A       16%         2

Your spell library contained the following spells:

 Spells                   Type           Power      Damage    Failure   Level
 Mephitic Cloud           Conj/Pois/Air  5%         N/A       38%         3
 Olgreb's Toxic Radiance  Pois           12%        N/A       41%         4


Dungeon Overview and Level Annotations

Branches:
Dungeon (2/15)

Altars:

Annotations:
D:2 Jessica, Robin


Innate Abilities, Weirdness & Mutations

You have large cloven feet.


Message History

Jessica gestures wildly while chanting.
Jessica blinks!
Casting: Poisonous Vapours (safe; 13% risk of failure)
Confirm with . or Enter, or press ? or * to list all spells.
Aiming: Sting (safe; 7% risk of failure)
Press: ? - help, Shift-Dir - straight line, f/p - Jessica
Aim: Jessica, wielding a +0 dagger of flaming and wearing a +0 robe (very poisoned, 71% to hit)
The sting hits Jessica.
Jessica looks even sicker.
Jessica is moderately wounded.
Jessica hits you with a +0 dagger of flaming.
Jessica burns you.
You closely miss Jessica. You kick Jessica.
Jessica is heavily wounded.
Jessica casts a spell.
Jessica seems to speed up.
Jessica hits you but does no damage.
Casting: Sting (safe; 7% risk of failure)
Confirm with . or Enter, or press ? or * to list all spells.
Aiming: Sting (safe; 7% risk of failure)
Press: ? - help, Shift-Dir - straight line, f - Robin, p - Jessica
Aim: Robin, wielding a +0 club, wearing a +0 animal skin and wearing a +0 helmet (79% to hit)
The sting hits Robin.
Robin is poisoned.
Robin is lightly wounded.
Jessica hits you but does no damage.
Casting: Sting (safe; 7% risk of failure)
Confirm with . or Enter, or press ? or * to list all spells.
Aiming: Sting (safe; 7% risk of failure)
Press: ? - help, Shift-Dir - straight line, f/p - Robin
Aim: Robin, wielding a +0 club, wearing a +0 animal skin and wearing a +0 helmet (lightly wounded, poisoned, 79% to hit)
The sting hits Robin.
Robin looks even sicker.
Robin is moderately wounded.
Jessica casts a spell at you. Pain shoots through your body!
Ouch! That really hurt!
* * * LOW HITPOINT WARNING * * *
Jessica closely misses you.
It was a potion of degeneration.
There was something very wrong with that liquid.
You feel weakened.
You feel dopey.
You feel clumsy.
Jessica drinks a potion.
Jessica is healed!
Robin hits you with a +0 club.
You die...

#........######....#g#.##.###
#........# #.####.#.##.#
#........# #.# #.#.##.###
#.......)# #.# #g#.......
#........# #[# #.#..#+###
#........# #.####.#..@.g).
#........# #..............
#........##############......
#..........@@g.....#..'......
###'##############.#.##......
##.........#......#.#.......
#...............###.#.......
#............##.#......g....
#............##.#......g....
#............##@####........
#............##...)..g......
#......................#####


You could see Robin (very poisoned) and Jessica (fast, very poisoned).

Vanquished Creatures
  An adder (D:2)
  9 ball pythons
  7 bats
  11 goblins
  2 hobgoblins (D:2)
  2 quokkas (D:1)
  2 frilled lizards
  3 kobolds (D:1)
  5 rats (D:1)
42 creatures vanquished.

Notes
Turn   | Place    | Note
-------+----------+-------------------------------------------
     0 | D:1      | growler the Demonspawn Venom Mage began the quest for the
                  | Orb.
     0 | D:1      | Reached XP level 1. HP: 13/13 MP: 3/3
   354 | D:1      | Gained mutation: You have large cloven feet. [demonic
                  | ancestry]
   354 | D:1      | Reached XP level 2. HP: 19/19 MP: 3/5
   462 | D:1      | Found a faded altar of an unknown god.
  1038 | D:2      | Reached XP level 3. HP: 24/24 MP: 4/7
  1499 | D:2      | Noticed Robin
  1500 | D:2      | Noticed Jessica
  1723 | D:2      | Learned a level 2 spell: Poisonous Vapours
  1802 | D:2      | Slain by Robin

Illustrated notes

Levels and vault maps discovered:
D:1:      lemuel_arrival_broad_hall, layout_rooms,
          hellmonk_ecumenical_altar_arch_garden
D:2:      layout_basic, minmay_curled_crystal, uniq_robin, uniq_jessica

Skill      XL: |  1  2  3 |
---------------+----------+-----
Spellcasting   | 3 |  3.0
Dodging        | |  1.7
Stealth        | |  1.7
Transmutations | |  0.8
Poison Magic   | |  3.9

Action                   || total
-------------------------++-------
Melee: Short sword       ||    26
       Unarmed           ||     4
       Kick              ||     3
 Cast: Sting             ||    62
       Poisonous Vapours ||     2
  Use: Potion            ||     1
Armor: Robe              ||    13
Dodge: Dodged            ||    40
